 Dungeon Crawl Stone Soup version 0.19-a0-1670-gc28a5d9 (webtiles) character file.

1769944 p0werm0de the Acrobat (level 27, 232/233 (234) HPs)
             Began as a Ghoul Monk on Sept 20, 2016.
             Was a High Priest of Hepliaklqana.
             Escaped with the Orb
             ... and 3 runes on Sept 21, 2016!
             The game lasted 04:00:02 (69630 turns).

p0werm0de the Acrobat (Ghoul Monk)                 Turns: 69630, Time: 04:00:02

HP:   232/233 (234) AC: 47    Str: 26      XL:     27
MP:   27/35         EV: 34    Int: 13 (14) God:    Hepliaklqana [*****.]
Gold: 2042          SH:  0    Dex: 27      Spells: 8 memorised, 6 levels left

rFire  + + +     SeeInvis +     a - +9 demon blade (freeze)
rCold  + + .     Gourm    .     J - +10 plate armour {rF+}
rNeg   + + +     Faith    .     z - +1 shield {reflect}
rPois  ∞         Spirit   .     F - +2 helmet {SInv}
rElec  +         Dismiss  .     L - +2 cloak {+Inv}
rCorr  +         Reflect  +     B - +4 pair of gloves of Ebiat {rF+ MR+ Int+4}
MR     ++++.     Harm     .     O - +2 pair of boots
Stlth  ..........               w - amulet "Jaemor" {rElec rF+ Regen+}
                                q - ring of Insomnia {+Fly rElec MR+ Dex+4}
                                X - +4 ring of slaying

@: confused, mighty, brilliant, agile, swift, resistant, very slightly
contaminated, rotting, hasted, invisible, very quick
A: rotting body, reduced essence, claws 1, carnivore 3, cold resistance 1,
negative energy resistance 3, slow regeneration 1, torment resistance,
unbreathing
a: Recall Ancestor, Ancestor Identity, Transference, Idealise, Renounce
Religion, Evoke Flight
0: Orb of Zot
}: 3/15 runes: barnacled, silver, gossamer


You escaped.
You worshipped Hepliaklqana.
Hepliaklqana was extremely pleased with you.
You were not hungry.

You visited 10 branches of the dungeon, and saw 50 of its levels.
You visited the Abyss 2 times.
You also visited: Labyrinth, Ice Cave, Volcano and Wizlab.

You collected 7410 gold pieces.
You spent 5368 gold pieces at shops.

Inventory:

Hand Weapons
 a - a +9 demon blade of freezing (weapon)
 E - a +3 triple sword of slicing
Missiles
 t - 7 throwing nets (quivered)
Armour
 z - a +1 shield of reflection (worn)
 B - the +4 pair of gloves of Ebiat (worn) {rF+ MR+ Int+4}
   (You found it on level 5 of the Vaults)

   It affects your intelligence (+4).
   It protects you from fire.
   It affects your resistance to hostile enchantments.
 F - a +2 helmet of see invisible (worn)
 J - a +10 plate armour of fire resistance (worn)
 L - a +2 cloak of invisibility (worn)
 O - a +2 pair of boots (worn)
Jewellery
 d - the ring "Kassel" {rPois MR+ Str+6}
   (You found it on level 14 of the Dungeon)

   [ring of protection from magic]

   It affects your strength (+6).
   It protects you from poison.
   It affects your resistance to hostile enchantments.
 q - the ring of Insomnia (right hand) {+Fly rElec MR+ Dex+4}
   (You found it on level 3 of the Crypt)

   [ring of flight]

   It affects your dexterity (+4).
   It insulates you from electricity.
   It affects your resistance to hostile enchantments.
   It lets you fly.
 w - the amulet "Jaemor" (around neck) {rElec rF+ Regen+}
   (You found it on level 3 of the Crypt)

   [amulet of regeneration]

   It protects you from fire.
   It insulates you from electricity.
   It increases your rate of regeneration.
 X - a +4 ring of slaying (left hand)
Wands
 f - a wand of heal wounds (7/9)
 m - a wand of enslavement (10/24)
 v - a wand of disintegration (17/24)
 A - a wand of teleportation (5/9)
 R - a wand of paralysis (9/24)
 U - a wand of digging (1/24)
 Y - a wand of disintegration (12/24)
Scrolls
 e - 2 scrolls of enchant weapon
 h - 9 scrolls of recharging
 i - 2 scrolls of fog
 p - 23 scrolls of remove curse
 u - 6 scrolls of blinking
 x - 3 scrolls of identify
 y - 7 scrolls of summoning
 P - 3 scrolls of silence
 Q - 11 scrolls of magic mapping
 V - 6 scrolls of teleportation
 Z - 9 scrolls of fear
Potions
 j - 7 potions of resistance
 k - 15 potions of curing
 n - 4 potions of cancellation
 o - 3 potions of ambrosia
 s - a potion of haste
 D - 11 potions of magic
 H - 10 potions of heal wounds
 N - a potion of flight
 T - 8 potions of agility
 W - 2 potions of brilliance
Miscellaneous
 c - a box of beasts
 r - a phial of floods
 I - a lamp of fire
 K - 4 phantom mirrors
 S - 2 sacks of spiders
Comestibles
 b - a slice of pizza
 g - 2 beef jerkies
 l - 24 meat rations


   Skills:
 - Level 24.0 Fighting
 - Level 14.5 Long Blades
 - Level 4.3 Throwing
 - Level 20.6 Armour
 - Level 24.7 Dodging
 - Level 2.1 Stealth
 - Level 15.0 Shields
 * Level 18.1 Invocations
 - Level 14.0 Evocations


You had 6 spell levels left.
You knew the following spells:

 Your Spells              Type           Power        Failure   Level  Hunger
a - Apportation           Tloc           #.........   30%         1    ##.....
b - Mephitic Cloud        Conj/Pois/Air  #.......     65%         3    ####...
c - Confuse               Hex            #.......     65%         3    ####...
d - Regeneration          Chrm/Necr      #.........   65%         3    ####...
e - Blink                 Tloc           N/A          43%         2    ###....
f - Passwall              Tmut/Erth      #.........   43%         2    ###....
g - Swiftness             Chrm/Air       #.......     43%         2    ###....
x - Passage of Golubria   Tloc           N/A          91%         4    #####..


Dungeon Overview and Level Annotations

Branches:
Dungeon (15/15)            Temple (1/1) D:7            Lair (6/6) D:8
 Shoals (4/4) Lair:2       Spider (4/4) Lair:2        Slime (0/5) Lair:6
    Orc (2/2) D:12            Elf (0/3) Orc:2        Vaults (5/5) D:14
  Crypt (3/3) Vaults:2       Tomb (0/3) Crypt:3      Depths (5/5) D:15
    Zot (5/5) Depths:5

Altars:
Cheibriados
Elyvilon
Fedhas
Gozag
Hepliaklqana
Kikubaaqudgha
Makhleb
Nemelex Xobeh
Okawaru
Qazlal
Ru
Sif Muna
Trog
Vehumet
Xom
Yredelemnul
Zin
The Shining One
Beogh
Lugonu

Shops:
D:9 }   Orc:1 (   Orc:2 ?=*(   Vaults:5 %%?   Depths:1 ==}

Portals:
Hell: Lair:6 Depths:1 Depths:2 Depths:3 Depths:4 Depths:5
Abyss: Depths:2 Depths:3 Depths:5
Pandemonium: Depths:1 Depths:2 Depths:3
Ziggurat: Depths:5
Bazaar: Vaults:2

Annotations:
Crypt:3 Mennas


Innate Abilities, Weirdness & Mutations

Your body is rotting away.
You thrive on raw meat.
You are immune to poison.
You have sharp fingernails.
You are carnivorous and can eat meat at any time.
Your flesh is cold resistant. (rC+)
You are immune to negative energy. (rN+++)
You regenerate slowly when monsters are visible.
You are immune to unholy pain and torment.
You can survive without breathing.
Your life essence is reduced. (-10% HP)


Message History

Okay, then.
Cast which spell? (? or * to list)
You miscast Swiftness.
Strange energies run through your body.
Casting: Swiftness
Confirm with . or Enter, or press ? or * to list all spells.
You miscast Swiftness.
Nothing appears to happen.
Casting: Swiftness
Confirm with . or Enter, or press ? or * to list all spells.
You miscast Swiftness.
Nothing appears to happen.
Casting: Swiftness
Confirm with . or Enter, or press ? or * to list all spells.
You miscast Swiftness.
Ouch! You feel a sudden electric shock.
You feel your flesh rotting away.
Casting: Swiftness
Confirm with . or Enter, or press ? or * to list all spells.
You feel quick.
You are confused.
You feel invigorated.
In your confused state, you trip and fall back down the stairs.
You have escaped!

.#)# #######.##
##.###........#
#.....#####'#####
#####.#P.#...#..#
#.#..'...'..#
#.#.P#...#..#
#.####...####
#.#P.#...#..#
#.#P.'...'R@#
#.#..#...#..#
#.####...####
######.#P.#...#..#
.......#..')..'..#
########..#...#).#
....#######...####
.......#..#...#..#
..#.##.#..'...'..#


You could see the friendly Quintus the knight.

Vanquished Creatures
  4 orbs of fire (Zot:5)
  7 ancient liches
  A greater mummy (Crypt:3)
  Boris (Depths:4)
  Frederick (Vaults:5)
  Margery (Crypt:3)
  A Killer Klown (Zot:5)
  Bai Suzhen (Vaults:3)
  8 golden dragons
  A profane servitor (Abyss:3)
  An electric golem (Zot:5)
  4 liches
  13 tentacled monstrosities
  Jorgrun (D:14)
  23 Orb Guardians
  2 quicksilver dragons (Depths:2)
  2 titans
  2 tentacled starspawn (Abyss:3)
  6 sphinxes
  6 death cobs
  Gastronok (Lair:3)
  5 ancient champions
  An Executioner (Abyss:3)
  22 storm dragons
  9 tengu reavers
  An eldritch tentacle (Depths:1)
  6 shadow dragons
  The ghost of DEFE the Unseen, an adept NaVM of Sif Muna (Spider:3)
  A revenant (Crypt:3)
  10 fire giants
  3 draconian knights
  7 frost giants
  3 draconian monks
  3 iron dragons
  2 draconian shifters
  4 ghost moths
  3 draconian scorchers
  A balrug (Depths:1)
  3 draconian zealots
  6 deep elf sorcerers
  Louise (D:14)
  6 emperor scorpions
  10 vault wardens
  11 ghouls
  3 cacodemons (Abyss:3)
  A reaper (Zot:4)
  A curse skull (Crypt:3)
  2 war gargoyles (Vaults:5)
  3 draconian annihilators
  16 stone giants
  4 spriggan defenders
  6 entropy weavers
  30 very ugly things
  6 ironheart preservers
  2 draconian callers
  7 vampire knights
  9 black draconians
  11 green draconians
  A dire elephant (Lair:6)
  4 purple draconians
  4 deep elf demonologists
  8 yellow draconians
  7 red draconians
  A lorocyproca (Depths:2)
  2 deep elf annihilators (Vaults:5)
  6 mottled draconians
  7 merfolk javelineers
  7 white draconians
  5 spark wasps
  An eidolon (Crypt:3)
  Snorg (Lair:4)
  7 ettins
  A pearl dragon zombie (Crypt:2)
  A green death (Zot:1)
  3 mummy priests (Crypt:3)
  A merfolk impaler (Shoals:4)
  4 deep elf death magi
  A deep elf high priest (Vaults:5)
  Josephine (D:14)
  13 yaktaur captains
  A minotaur (Lab)
  16 fire dragons
  2 great orbs of eyes
  12 jiangshi
  3 rakshasas
  17 vault guards (Vaults:5)
  14 ice dragons
  4 spriggan air magi
  A catoblepas (Shoals:2)
  A quicksilver dragon skeleton (Crypt:3)
  6 hydras
  2 merfolk avatars
  4 merfolk aquamancers (Shoals:4)
  The ghost of HolyRage the Grappler, a novice TrMo of Okawaru (D:8)
  3 death knights
  A spectral stone giant (Crypt:3)
  7 centaur warriors
  14 ogre magi
  4 deep troll earth magi
  16 death yaks
  3 deep troll shamans
  9 hell hogs
  2 dancing weapons (Vaults:5)
  7 death scarabs (Spider:4)
  3 tengu warriors
  Urug (D:11)
  9 vampire magi
  A titan zombie (Vaults:4)
  A thrashing horror (Abyss:3)
  A hell hog (shapeshifter) (Depths:2)
  A soul eater (Abyss:3)
  A sun demon (Lair:6)
  9 spriggan berserkers
  A spectral storm dragon (Crypt:3)
  Sonja (Lair:4)
  7 deep elf knights
  2 spectral emperor scorpions (Spider:4)
  An iron troll (Depths:5)
  A fire crab (shapeshifter) (Vaults:2)
  2 sixfirhies
  A ghost moth zombie (Crypt:1)
  12 shadow wraiths
  21 skeletal warriors
  7 hell knights
  A salamander mystic (Depths:4)
  A wretched star (Abyss:3)
  An unseen horror (D:13)
  A spatial maelstrom (Abyss:3)
  7 flayed ghosts
  A shadow demon (D:15)
  11 sea snakes
  18 deep trolls
  12 orc knights
  A putrid demonspawn (Depths:1)
  A kraken simulacrum (Shoals:4)
  26 phantasmal warriors
  4 wizards
  3 deep elf archers
  6 glowing orange brains
  A sphinx zombie (Vaults:4)
  An orb spider (shapeshifter) (Depths:1)
  A spectral wolf spider (Spider:4)
  7 ironbrand convokers
  A golden dragon skeleton (Crypt:2)
  6 hill giants
  4 necromancers
  A harpy (shapeshifter) (Depths:2)
  An iron dragon zombie (Crypt:2)
  3 orc sorcerers
  An iron giant skeleton (Crypt:2)
  4 orb spiders
  12 harpies
  26 ugly things
  A wolf spider zombie (Spider:4)
  26 wolf spiders
  A shining eye (shapeshifter) (Depths:2)
  4 cyclopes
  5 hornets
  4 fauns
  21 moths of wrath
  A salamander (shapeshifter) (Vaults:5)
  A cyclops (shapeshifter) (Depths:3)
  13 deep elf magi
  A centaur zombie (D:14)
  2 salamanders (Depths:4)
  11 manticores
  3 sirens
  4 apis skeletons (Crypt:2)
  A guardian serpent (D:14)
  A hell hog skeleton (Crypt:3)
  13 vault sentinels
  A black mamba (Lair:4)
  15 elephants
  A stone giant skeleton (Vaults:1)
  2 torpor snails (Lair:6)
  2 water nymphs
  2 rust devils
  2 naga magi
  A dire elephant zombie (Crypt:1)
  A torpor snail (shapeshifter) (Depths:2)
  5 orange demons
  2 ice statues (IceCv)
  8 spiny frogs
  3 smoke demons
  2 gargoyles
  A yaktaur (shapeshifter) (Depths:5)
  A kobold demonologist (D:12)
  2 rime drakes (Lair:6)
  8 komodo dragons
  2 spectral redbacks (Spider:4)
  15 freezing wraiths
  10 ice devils
  A redback zombie (Spider:4)
  29 yaktaurs
  2 efreet
  13 demonic crawlers
  2 hellwings
  2 queen bees (shapeshifter)
  2 ancient zymes (Abyss:3)
  4 guardian mummies (Crypt:3)
  16 merfolk
  2 red devils
  A mottled draconian skeleton (Crypt:1)
  A wind drake (shapeshifter) (Depths:1)
  A jumping spider (shapeshifter) (Abyss:3)
  5 tengu conjurers
  8 wind drakes
  A human skeleton (Vaults:4)
  8 trolls
  A polar bear (Lair:5)
  13 hippogriffs
  40 jumping spiders
  A polar bear (shapeshifter) (Vaults:4)
  4 spectral jumping spiders (Spider:4)
  A two-headed ogre (shapeshifter) (D:14)
  2 meliai (D:14)
  2 spectral hornets (Spider:4)
  A spectral tarantella (Spider:4)
  A jumping spider zombie (Spider:4)
  A bog body (Crypt:2)
  An alligator zombie (Crypt:2)
  20 two-headed ogres
  A tarantella zombie (Spider:4)
  14 blink frogs
  A hornet zombie (Spider:4)
  A spectral swamp dragon (Crypt:3)
  A slime creature (shapeshifter) (Depths:2)
  15 slime creatures
  2 meliai zombies (D:15)
  A stone giant simulacrum (Abyss:3)
  6 snapping turtles
  5 air elementals
  58 redbacks
  A satyr skeleton (Crypt:2)
  13 flying skulls
  3 shadows (Crypt:3)
  An ettin skeleton (Crypt:3)
  4 ynoxinuls
  5 spriggans
  9 water elementals
  A tarantella (shapeshifter) (Depths:3)
  51 yaks
  13 wraiths
  5 basilisks
  3 hill giant zombies (WizLab)
  A hog (shapeshifter) (Vaults:4)
  A fire elemental (Volcano)
  A human (shapeshifter) (Depths:3)
  14 tarantellas
  3 vampire mosquitoes (Spider:3)
  5 wyverns
  A golden eye (shapeshifter) (Vaults:1)
  4 vampires (WizLab)
  4 chaos spawn
  3 hungry ghosts
  2 neqoxecs
  3 mottled dragons
  A redback simulacrum (D:14)
  2 soldier ants
  2 spatial vortices (Depths:1)
  4 wargs
  A deep troll zombie (Vaults:1)
  2 hydra simulacra (Crypt:2)
  3 hell hounds (Depths:3)
  A water moccasin (shapeshifter) (Vaults:3)
  A floating eye (shapeshifter) (Vaults:5)
  5 porcupines
  12 water moccasins
  25 orc warriors
  3 sky beasts
  17 large abominations (Abyss:3)
  2 ice beasts
  57 ogres
  An eye of draining (Abyss:3)
  6 necrophages
  6 wasps
  A fire dragon simulacrum (Abyss:3)
  An orc zombie (Vaults:1)
  A human zombie (Vaults:1)
  9 wolves
  12 centaurs
  A phantom (D:13)
  7 boggarts
  A crocodile (shapeshifter) (Vaults:5)
  A dream sheep skeleton (Crypt:2)
  15 crocodiles
  10 small abominations (Abyss:3)
  6 big kobolds
  A salamander zombie (Crypt:1)
  25 bullfrogs
  3 scorpions
  A yak zombie (Crypt:3)
  2 queen bee zombies (Crypt:2)
  A water moccasin skeleton (Crypt:3)
  7 troll zombies (WizLab)
  59 killer bees
  20 wights
  6 howler monkeys
  5 electric eels
  2 bullfrog zombies
  8 crimson imps
  2 quasits
  2 centaur skeletons
  A jelly (D:7)
  30 orc wizards
  Crazy Yiuf (D:5)
  13 orc priests
  A wyvern simulacrum (D:14)
  12 hounds
  2 bullfrog skeletons
  4 iron imps
  Ijyb (D:2)
  A hell rat (D:5)
  11 iguanas
  6 worker ants
  A killer bee zombie (D:8)
  6 ogre zombies (WizLab)
  A big kobold zombie (Crypt:1)
  A hound skeleton (D:5)
  5 mummies (Crypt:3)
  A worker ant zombie (D:5)
  A gnoll (D:6)
  A howler monkey skeleton (D:5)
  12 adders
  68 river rats
  4 shadow imps
  13 white imps
  5 ufetubi
  An ooze (D:2)
  2 worms
  6 leopard geckos
  85 orcs
  5 giant cockroaches
  7 goblins
  9 hobgoblins
  6 jackals
  38 kobolds
  3 quokkas
  3 ball pythons
  7 bats
  7 frilled lizards
  A goblin skeleton (Crypt:1)
  2 jackal skeletons
  A leopard gecko skeleton (D:6)
  3 quokka skeletons
  32 rats
  A macabre mass (Abyss:3)
  2 plants (Shoals:3)
  6 starspawn tentacles (Abyss:3)
  A tentacle (Shoals:4)
2220 creatures vanquished.

Vanquished Creatures (collateral kills)
  2 orbs of fire (Zot:5)
  Mara (Depths:4)
  A juggernaut (Depths:4)
  A greater mummy (Crypt:3)
  A shard shrike (Zot:1)
  A caustic shrike (Depths:4)
  A profane servitor (Crypt:2)
  2 golden dragons
  The ghost of Torax the Bludgeoner, an adept OgBe of Trog (Shoals:4)
  4 tentacled monstrosities
  4 Orb Guardians (Zot:5)
  3 titans
  4 liches
  An Executioner (D:2)
  3 death cobs
  A sphinx (Vaults:4)
  A tentacled starspawn (Abyss:3)
  2 shadow dragons (Vaults:5)
  2 draconian monks (Zot:5)
  6 tengu reavers
  2 storm dragons
  3 revenants (Crypt:3)
  3 fire giants
  A draconian knight (Zot:4)
  Ilsuiw (Shoals:4)
  A draconian scorcher (Zot:1)
  A deep elf sorcerer (Depths:3)
  A frost giant (Depths:4)
  8 ghouls
  An emperor scorpion (Spider:4)
  A draconian shifter (Zot:4)
  2 vault wardens (Vaults:5)
  A draconian zealot (Depths:5)
  The ghost of utis the Eclecticist, a journeyman SpEE of Dithmenos (D:12)
  2 entropy weavers (Spider:1)
  4 ironheart preservers
  5 very ugly things
  6 stone giants
  2 vampire knights
  4 green draconians
  5 purple draconians
  6 yellow draconians
  2 black draconians
  A red draconian (Zot:4)
  2 white draconians (Zot:1)
  A mottled draconian (Zot:5)
  An eidolon (Crypt:2)
  A pearl dragon zombie (Crypt:2)
  2 ettins (Vaults:5)
  2 merfolk javelineers
  A deep elf death mage (Crypt:3)
  3 mummy priests (Crypt:3)
  6 merfolk impalers
  2 yaktaur captains (Vaults:5)
  4 fire dragons
  A quicksilver dragon zombie (Crypt:3)
  Harold (D:11)
  8 jiangshi
  7 vault guards (Vaults:5)
  5 ice dragons
  A fire dragon (shapeshifter) (Vaults:5)
  3 hydras
  2 spriggan air magi
  6 centaur warriors
  2 death yaks (Lair:6)
  3 ogre magi
  3 merfolk aquamancers (Shoals:4)
  A death scarab (Spider:4)
  A hell hog (Zot:4)
  2 deep troll shamans
  2 tengu warriors
  3 deep troll earth magi
  5 vampire magi
  5 hell knights
  4 slime creatures
  3 deep elf knights
  2 soul eaters (Crypt:1)
  A storm dragon zombie (Crypt:1)
  14 skeletal warriors
  An iron troll (Depths:1)
  5 shadow wraiths (Crypt:3)
  2 sea snakes
  An unseen horror (shapeshifter) (Depths:1)
  6 deep trolls
  3 unseen horrors
  2 hill giants
  3 flayed ghosts
  An infernal demonspawn (D:15)
  2 wizards (Depths:1)
  An obsidian statue (Spider:1)
  4 deep elf archers
  8 phantasmal warriors
  4 necromancers
  An orb spider (Spider:1)
  11 harpies
  2 spectral wolf spiders (Spider:4)
  4 fauns
  9 wolf spiders
  4 orc knights
  A salamander (Depths:4)
  9 ugly things
  An elephant (Lair:4)
  7 deep elf magi
  A cyclops (Orc:2)
  A fire giant skeleton (Crypt:3)
  4 manticores
  2 centaur zombies (D:11)
  2 large abominations (Abyss:3)
  3 water nymphs (Shoals:4)
  6 sirens
  An orange demon (Abyss:3)
  A stone giant skeleton (Crypt:3)
  3 vault sentinels
  A spiny frog (Lair:5)
  2 komodo dragons (Lair:6)
  A spectral redback (Spider:4)
  A redback zombie (Spider:4)
  4 demonic crawlers
  A yaktaur (shapeshifter) (Vaults:1)
  3 guardian mummies (Crypt:3)
  12 yaktaurs
  A freezing wraith (Crypt:3)
  4 ice devils (IceCv)
  12 jumping spiders
  4 two-headed ogres
  16 merfolk
  4 trolls
  2 spectral jumping spiders (Spider:4)
  A harpy skeleton (Crypt:2)
  A tarantella zombie (Spider:4)
  2 hippogriffs
  4 snapping turtles
  A jumping spider zombie (Spider:4)
  A meliai zombie (D:10)
  5 flying skulls
  2 air elementals
  19 redbacks
  9 yaks
  2 shadows (Crypt:3)
  2 tarantellas (Spider:4)
  3 water elementals (Shoals:4)
  5 wraiths
  A wyvern (D:11)
  A vampire mosquito (D:14)
  A chaos spawn (Abyss:3)
  A mottled dragon (Vaults:2)
  4 water moccasins
  Duvessa (D:7)
  2 hell hounds
  7 orc warriors
  A necrophage (Crypt:2)
  20 ogres
  2 boggarts (Vaults:2)
  3 sky beasts
  4 wolves
  A phantom (D:8)
  9 centaurs
  3 crocodiles
  2 small abominations (Abyss:3)
  A salamander zombie (Crypt:1)
  Blork the orc (D:5)
  A big kobold (D:11)
  5 bullfrogs
  Dowan (D:7)
  7 killer bees
  3 wights
  6 electric eels
  7 crimson imps
  3 jellies
  A bullfrog skeleton (D:6)
  6 orc priests
  A hound (D:8)
  Jessica (D:3)
  10 orc wizards
  A hell rat (D:5)
  2 worker ants
  A hound skeleton (D:6)
  2 gnolls (D:6)
  3 adders
  10 river rats
  3 shadow imps
  12 white imps
  An ufetubus (Abyss:3)
  A leopard gecko (D:11)
  26 orcs
  A giant cockroach (D:6)
  7 jackals
  7 kobolds
  A leopard gecko skeleton (D:4)
  A fungus (Lair:6)
  A macabre mass (Abyss:3)
  4 plants
658 creatures vanquished.

Vanquished Creatures (others)
  An electric golem (Zot:5)
  A lich (Depths:4)
  A tentacled monstrosity (Vaults:5)
  A spriggan defender (Depths:4)
  A stone giant (Depths:5)
  A reaper (IceCv)
  A purple draconian (Zot:4)
  An ettin (Depths:5)
  2 merfolk javelineers (Shoals:4)
  A centaur warrior (Vaults:3)
  A satyr (Shoals:2)
  A deep elf knight (Vaults:4)
  A shadow wraith (Vaults:5)
  A deep elf archer (Vaults:4)
  A faun (Shoals:2)
  A moth of wrath (Zot:5)
  9 yaktaurs
  A merfolk (Shoals:4)
  A two-headed ogre (Depths:1)
  A tarantella (Spider:1)
  A boggart (Vaults:3)
  An ogre (Depths:1)
  3 centaurs
  A worker ant (D:11)
  46 knights
  4 white imps (IceCv)
  5 ufetubi (IceCv)
  2 ball lightnings (Zot:5)
  An orc (Vaults:1)
  A kobold (D:11)
  5 fungi
  39 plants
  7 starspawn tentacles (Abyss:3)
  3 tentacles (Shoals:4)
  A withered plant (Shoals:2)
149 creatures vanquished.

Grand Total: 3027 creatures vanquished

Notes
Turn   | Place    | Note
-------+----------+-------------------------------------------
     0 | D:1      | p0werm0de the Ghoul Monk began the quest for the Orb.
     0 | D:1      | Reached XP level 1. HP: 19/19 MP: 0/0
    75 | D:1      | Reached skill level 3 in Long Blades
   176 | D:1      | Reached XP level 2. HP: 17/26 MP: 1/1
   793 | D:1      | Reached XP level 3. HP: 27/31 MP: 2/2
  1072 | D:2      | Found a sacrificial altar of Ru.
  1073 | D:2      | Found a snail-covered altar of Cheibriados.
  1073 | D:2      | Found a radiant altar of Vehumet.
  1098 | D:2      | Reached skill level 4 in Long Blades
  1099 | D:2      | Found a glowing silver altar of Zin.
  1099 | D:2      | Found a bloodstained altar of Trog.
  1114 | D:2      | Found an ancient bone altar of Kikubaaqudgha.
  1114 | D:2      | Found a glowing golden altar of the Shining One.
  1115 | D:2      | Found a hazy altar of Hepliaklqana.
  1126 | D:2      | Became a worshipper of Hepliaklqana
  1126 | D:2      | Reached * piety under Hepliaklqana
  1126 | D:2      | Reached ** piety under Hepliaklqana
  1127 | D:2      | Remembered your ancestor Quintus as a knight
  1254 | D:2      | Found a blossoming altar of Fedhas.
  1261 | D:2      | Noticed Ijyb
  1267 | D:2      | Killed Ijyb
  1267 | D:2      | Reached XP level 4. HP: 29/34 MP: 3/3
  1997 | D:3      | Reached skill level 5 in Long Blades
  2019 | D:3      | Reached XP level 5. HP: 33/40 MP: 4/4
  2164 | D:3      | Noticed Jessica
  2167 | D:3      | Killed Jessica
  2252 | D:3      | Reached XP level 6. HP: 31/45 MP: 5/5
  2283 | D:3      | Reached *** piety under Hepliaklqana
  2366 | D:3      | Reached skill level 6 in Long Blades
  2981 | D:4      | Reached skill level 7 in Long Blades
  2981 | D:4      | Reached XP level 7. HP: 47/51 MP: 6/6
  3089 | D:4      | Reached **** piety under Hepliaklqana
  3422 | D:5      | Entered Level 5 of the Dungeon
  3604 | D:5      | Reached skill level 8 in Long Blades
  3838 | D:5      | Noticed Blork the orc
  3856 | D:5      | Killed Blork the orc
  3856 | D:5      | Reached XP level 8. HP: 32/56 MP: 7/7
  3976 | D:5      | Found a runed door.
  4379 | D:5      | Noticed Crazy Yiuf
  4437 | D:5      | Killed Crazy Yiuf
  4845 | D:6      | Reached skill level 9 in Long Blades
  5602 | D:6      | Reached skill level 10 in Long Blades
  6081 | D:6      | Found a sparkling altar of Nemelex Xobeh.
  6112 | D:6      | Reached XP level 9. HP: 57/63 MP: 8/8
  6354 | D:7      | Reached ***** piety under Hepliaklqana
  6924 | D:7      | Reached skill level 11 in Long Blades
  7174 | D:7      | Found a staircase to the Ecumenical Temple.
  7187 | D:7      | Found an iron altar of Okawaru.
  7223 | Temple   | Entered the Ecumenical Temple
  7524 | D:7      | Found a sparkling altar of Nemelex Xobeh.
  7698 | D:7      | Noticed Duvessa
  7698 | D:7      | Noticed Dowan
  7719 | D:7      | Killed Dowan
  7722 | D:7      | Killed Duvessa
  7823 | D:8      | Reached skill level 12 in Long Blades
  7835 | D:8      | Noticed a troll
  8126 | D:8      | Reached XP level 10. HP: 57/69 MP: 9/9
  8282 | D:8      | Noticed HolyRage's ghost (novice TrMo)
  8325 | D:8      | Killed HolyRage's ghost
  8325 | D:8      | Reached skill level 13 in Long Blades
  9529 | D:8      | Found a staircase to the Lair.
 10221 | D:8      | Reached skill level 14 in Long Blades
 10445 | D:9      | Got an ancient tin ring
 10446 | D:9      | Identified the ring "Qorchuxt" {Fire *Slow +Inv rElec rPois} (You found it on level 9 of the Dungeon)
 10545 | D:9      | Found Foskyrhi's Gadget Shoppe.
 10564 | D:9      | Got a bloodstained mace
 10565 | D:9      | Identified the cursed +1 mace of Obsession {drain, rElec Int-4 SInv} (You found it on level 9 of the Dungeon)
 11177 | D:10     | Entered Level 10 of the Dungeon
 11215 | D:10     | Reached XP level 11. HP: 37/73 MP: 10/10
 11308 | D:10     | Reached skill level 4 in Fighting
 11713 | D:10     | Reached ****** piety under Hepliaklqana
 11754 | D:10     | Killed an unseen horror
 11754 | D:10     | Reached skill level 5 in Fighting
 11879 | D:10     | Noticed a hill giant
 12153 | D:8      | Reached skill level 6 in Fighting
 12336 | D:10     | Killed a hill giant
 12549 | D:10     | Reached skill level 7 in Fighting
 12654 | D:10     | Noticed a hill giant
 12662 | D:10     | Killed a hill giant
 12662 | D:10     | Reached skill level 8 in Fighting
 12739 | D:10     | Reached skill level 9 in Fighting
 12840 | D:10     | Noticed an unseen horror
 12856 | D:10     | Killed an unseen horror
 13088 | D:11     | Noticed a brown ugly thing
 13157 | D:10     | Killed a brown ugly thing
 13157 | D:10     | Reached skill level 10 in Fighting
 13356 | D:11     | Noticed Harold
 13371 | D:11     | Killed Harold
 13371 | D:11     | Reached skill level 11 in Fighting
 13371 | D:11     | Reached XP level 12. HP: 56/99 MP: 11/11
 13713 | D:11     | Reached skill level 12 in Fighting
 13906 | D:11     | Noticed Urug
 13946 | D:11     | Killed Urug
 13946 | D:11     | Reached skill level 1 in Armour
 14018 | D:11     | Reached skill level 2 in Armour
 14302 | D:12     | Noticed utis's ghost (journeyman SpEE)
 14620 | D:12     | Found a roughly hewn altar of Beogh.
 14620 | D:12     | Found a staircase to the Orcish Mines.
 14644 | D:12     | Reached skill level 3 in Armour
 14863 | D:12     | Reached skill level 4 in Armour
 15676 | D:9      | Reached skill level 5 in Armour
 15697 | Lair:1   | Entered Level 1 of the Lair of Beasts
 15732 | Lair:1   | Found a frozen archway.
 15802 | IceCv    | Entered an ice cave
 16153 | IceCv    | Reached skill level 6 in Armour
 16196 | IceCv    | Killed a reaper
 17102 | IceCv    | Reached skill level 7 in Armour
 17241 | IceCv    | Reached XP level 13. HP: 45/101 MP: 12/12
 18167 | Lair:1   | Reached skill level 8 in Armour
 18608 | Lair:2   | Got a faintly glowing whip
 18609 | Lair:2   | Identified the +2 whip of Chaos {pain, +Rage rElec Int+3} (You found it on level 2 of the Lair of Beasts)
 18615 | Lair:2   | Found a dark tunnel.
 18636 | Volcano  | Entered a volcano
 18995 | Lair:2   | Reached skill level 9 in Armour
 19183 | Lair:2   | Found a hole to the Spider Nest.
 19259 | Lair:2   | Found a staircase to the Shoals.
 19604 | Lair:3   | Learned a level 3 spell: Regeneration
 19854 | Lair:3   | Reached skill level 10 in Armour
 19986 | Lair:3   | Noticed Gastronok
 20006 | Lair:3   | Killed Gastronok
 20046 | Lair:3   | Reached skill level 11 in Armour
 20848 | Lair:4   | Noticed Sonja
 20851 | Lair:4   | Reached skill level 12 in Armour
 20851 | Lair:4   | Reached XP level 14. HP: 105/114 MP: 13/13
 20877 | Lair:4   | Killed Sonja
 21320 | Lair:4   | Noticed Snorg
 21329 | Lair:4   | Killed Snorg
 21457 | Lair:4   | Reached skill level 13 in Armour
 21637 | Lair:4   | Reached skill level 1 in Shields
 21947 | Lair:5   | Reached skill level 2 in Shields
 22094 | Lair:5   | Reached skill level 3 in Shields
 22244 | Lair:5   | Found a glowing silver altar of Zin.
 22296 | Lair:5   | Reached skill level 4 in Shields
 22401 | Lair:5   | Reached skill level 3 in Dodging
 22692 | Lair:6   | Entered Level 6 of the Lair of Beasts
 22700 | Lair:5   | Reached skill level 4 in Dodging
 22768 | Lair:5   | Reached skill level 5 in Dodging
 22864 | Lair:6   | Found a labyrinth entrance.
 22873 | Lab      | Entered a labyrinth
 23106 | Lab      | Reached skill level 6 in Dodging
 23153 | Lab      | Got a polished great mace
 23161 | Lab      | Identified the cursed +1 great mace of Puleptu {crush, rElec Str+4 Int+3} (You found it in a labyrinth)
 23164 | Lab      | Got a crude plate armour
 23177 | Lab      | Identified the +0 plate armour of the Devil {Int+3 Dex+5 SInv} (You found it in a labyrinth)
 23379 | Lair:5   | Reached skill level 7 in Dodging
 23615 | Lair:6   | Reached XP level 15. HP: 103/120 MP: 14/14
 23744 | Lair:6   | Reached skill level 8 in Dodging
 23769 | Lair:6   | Found a staircase to the Slime Pits.
 24167 | Lair:6   | Reached skill level 9 in Dodging
 24697 | Lair:6   | Reached skill level 10 in Dodging
 24994 | Lair:6   | Found a burning altar of Makhleb.
 25374 | Lair:6   | Found a gateway to Hell.
 25725 | Orc:1    | Entered Level 1 of the Orcish Mines
 25748 | Orc:1    | Reached skill level 11 in Dodging
 25755 | Orc:1    | Found Boyhiupu's Antique Weapon Shoppe.
 26207 | Orc:2    | Entered Level 2 of the Orcish Mines
 26207 | Orc:2    | Found Icepp's Magic Scroll Emporium.
 26207 | Orc:2    | Found a staircase to the Elven Halls.
 26207 | Orc:2    | Found Sika's Jewellery Emporium.
 26208 | Orc:2    | Found Micso's General Store.
 26649 | Orc:1    | Reached skill level 12 in Dodging
 26888 | Orc:2    | Reached skill level 13 in Dodging
 26947 | Orc:2    | Found Iprassat's Antique Weapon Shoppe.
 26958 | Orc:2    | Bought a scroll of fog for 34 gold pieces
 26958 | Orc:2    | Bought a scroll of teleportation for 51 gold pieces
 26958 | Orc:2    | Bought a scroll of teleportation for 51 gold pieces
 26999 | Orc:2    | Bought a wand of heal wounds (5/9) for 756 gold pieces
 26999 | Orc:2    | Bought a potion of resistance for 140 gold pieces
 26999 | Orc:2    | Bought a scroll of enchant weapon for 105 gold pieces
 27005 | Orc:2    | Bought 2 scrolls of recharging for 323 gold pieces
 27005 | Orc:2    | Bought a scroll of identify for 34 gold pieces
 27005 | Orc:2    | Bought a scroll of identify for 34 gold pieces
 27005 | Orc:2    | Bought a scroll of identify for 34 gold pieces
 28196 | D:12     | Killed utis's ghost
 28196 | D:12     | Reached skill level 14 in Dodging
 28244 | D:12     | Reached XP level 16. HP: 101/126 MP: 15/15
 28944 | D:13     | Reached skill level 15 in Dodging
 29030 | D:14     | Noticed Josephine
 29080 | D:14     | Killed Josephine
 29271 | D:14     | Noticed Louise
 29282 | D:14     | Cast into level 3 of the Abyss (Louise)
 29282 | Abyss:3  | Found a corrupted altar of Lugonu.
 29323 | Abyss:3  | Found a corrupted altar of Lugonu.
 29366 | Abyss:3  | Noticed a tentacled starspawn
 29373 | Abyss:3  | Killed a tentacled starspawn
 29373 | Abyss:3  | Reached skill level 13 in Fighting
 29435 | Abyss:3  | Noticed a daeva
 29474 | Abyss:3  | Noticed an Executioner
 29499 | Abyss:3  | Killed an Executioner
 29533 | Abyss:3  | Reached skill level 14 in Fighting
 29664 | D:14     | Escaped the Abyss
 29709 | D:14     | Killed Louise
 29892 | D:14     | Reached skill level 15 in Fighting
 30220 | D:14     | Found a gate to the Vaults.
 30917 | D:15     | Entered Level 15 of the Dungeon
 31655 | D:15     | Found a staircase to the Depths.
 31664 | D:15     | Reached XP level 17. HP: 142/142 MP: 16/16
 31820 | D:14     | Reached skill level 16 in Fighting
 31976 | Lair:1   | Learned a level 3 spell: Mephitic Cloud
 31980 | Lair:1   | Learned a level 3 spell: Confuse
 32148 | Spider:1 | Entered Level 1 of the Spider Nest
 32435 | Spider:1 | Reached skill level 17 in Fighting
 33004 | Spider:1 | Got a dazzling short sword
 33005 | Spider:1 | Identified the cursed +1 short sword "Givaej" {pierce, rN+ MR+ Int+2 Dex-3} (You found it on level 1 of the Spider Nest)
 33630 | Spider:2 | Reached skill level 18 in Fighting
 34143 | Spider:2 | Reached skill level 1 in Invocations
 34242 | Spider:2 | Reached skill level 2 in Invocations
 34331 | Spider:3 | Reached skill level 3 in Invocations
 34499 | Spider:3 | Noticed DEFE's ghost (adept NaVM)
 34524 | Spider:3 | Killed DEFE's ghost
 34524 | Spider:3 | Reached skill level 4 in Invocations
 34624 | Spider:3 | Reached skill level 5 in Invocations
 34934 | Spider:3 | Reached skill level 6 in Invocations
 35041 | Spider:3 | Reached XP level 18. HP: 148/155 MP: 21/21
 35614 | Spider:4 | Entered Level 4 of the Spider Nest
 35617 | Spider:4 | Reached skill level 7 in Invocations
 35773 | Spider:4 | Reached skill level 8 in Invocations
 36045 | Spider:4 | Reached skill level 9 in Invocations
 36295 | Spider:4 | Reached skill level 10 in Invocations
 36748 | Spider:4 | Reached skill level 11 in Invocations
 37077 | Spider:4 | Got a polished battleaxe
 37083 | Spider:4 | Identified the +2 battleaxe of Disgust {drain, *Noise rElec rN+ Int+6} (You found it on level 4 of the Spider Nest)
 37130 | Spider:4 | Reached skill level 12 in Invocations
 37250 | Spider:4 | Got a gossamer rune of Zot
 37468 | Shoals:1 | Entered Level 1 of the Shoals
 37839 | Shoals:1 | Got a crude ring mail
 37850 | Shoals:1 | Identified the cursed +1 ring mail of Kohaik {MR+ Str-4 Dex+5} (You found it on level 1 of the Shoals)
 38290 | Shoals:1 | Reached skill level 13 in Invocations
 38318 | Shoals:2 | Reached skill level 1 in Evocations
 38490 | Shoals:2 | Reached skill level 2 in Evocations
 38706 | Shoals:2 | Reached skill level 3 in Evocations
 38782 | Shoals:2 | Reached skill level 4 in Evocations
 38806 | Shoals:2 | Reached XP level 19. HP: 72/160 MP: 27/27
 38998 | Shoals:2 | Reached skill level 5 in Evocations
 39623 | Shoals:3 | Reached skill level 6 in Evocations
 39780 | Shoals:3 | Got a crude brass ring
 39781 | Shoals:3 | Identified the ring "Wubaprol" {rElec rPois MR+ Str+3} (You found it on level 3 of the Shoals)
 39829 | Shoals:4 | Entered Level 4 of the Shoals
 39885 | Shoals:4 | Got a crude lead amulet
 39906 | Shoals:4 | Noticed Torax's ghost (adept OgBe)
 39968 | Shoals:4 | Killed Torax's ghost
 40069 | Shoals:4 | Reached skill level 5 in Shields
 40195 | Shoals:4 | Reached skill level 6 in Shields
 40251 | Shoals:4 | Noticed Ilsuiw
 40262 | Shoals:4 | Killed Ilsuiw
 40293 | Shoals:4 | Reached skill level 7 in Shields
 40512 | Shoals:4 | Reached skill level 8 in Shields
 40631 | Shoals:4 | Identified the amulet "Rynatyap" {Inacc rF+ rN+ Str+4} (You found it on level 4 of the Shoals)
 40754 | Shoals:4 | Got a barnacled rune of Zot
 40831 | Shoals:4 | Reached skill level 9 in Shields
 41625 | Vaults:1 | Entered Level 1 of the Vaults
 41665 | Vaults:1 | Reached skill level 10 in Shields
 41668 | Vaults:1 | Noticed Jorgrun
 41880 | D:14     | Killed Jorgrun
 42140 | Vaults:1 | Reached XP level 20. HP: 153/167 MP: 28/28
 42159 | Vaults:1 | Reached skill level 11 in Shields
 42249 | Vaults:1 | Learned a level 2 spell: Passwall
 42546 | Vaults:1 | Found Magyc's Distillery.
 42554 | Vaults:1 | Bought a potion of resistance for 150 gold pieces
 42554 | Vaults:1 | Bought a potion of resistance for 150 gold pieces
 42554 | Vaults:1 | Bought a potion of curing for 45 gold pieces
 42554 | Vaults:1 | Bought a potion of curing for 45 gold pieces
 42554 | Vaults:1 | Bought a potion of curing for 45 gold pieces
 42554 | Vaults:1 | Bought a potion of agility for 60 gold pieces
 42554 | Vaults:1 | Bought a potion of agility for 60 gold pieces
 42554 | Vaults:1 | Bought 2 potions of cancellation for 240 gold pieces
 42554 | Vaults:1 | Bought a potion of experience for 750 gold pieces
 42554 | Vaults:1 | Reached skill level 4 in Throwing
 42554 | Vaults:1 | Reached XP level 21. HP: 175/175 MP: 29/29
 43393 | Vaults:2 | Reached skill level 12 in Shields
 43923 | Vaults:2 | Found a gateway to a bazaar.
 43960 | Vaults:2 | Reached skill level 13 in Shields
 44003 | Vaults:2 | Cast into level 3 of the Abyss (a deep elf demonologist)
 44028 | Abyss:3  | Found a corrupted altar of Lugonu.
 44253 | Abyss:3  | Noticed a profane servitor
 44283 | Abyss:3  | Killed a profane servitor
 44290 | Vaults:2 | Escaped the Abyss
 44481 | Vaults:2 | Found a staircase to the Crypt.
 44930 | Vaults:2 | Reached skill level 14 in Shields
 45315 | Vaults:3 | Noticed Bai Suzhen
 45358 | Vaults:3 | Killed Bai Suzhen
 45954 | Vaults:3 | Reached skill level 15 in Shields
 46141 | Vaults:3 | Reached XP level 22. HP: 176/178 MP: 30/30
 46770 | Vaults:3 | Reached skill level 14 in Armour
 47473 | Vaults:4 | Reached skill level 15 in Armour
 48311 | Vaults:4 | Upgraded the game from 0.19-a0-1654-g9d3f708 to 0.19-a0-1670-gc28a5d9
 48431 | Crypt:1  | Entered Level 1 of the Crypt
 48452 | Crypt:1  | Found a magical portal.
 48465 | WizLab   | Entered Zonguldrok's Shrine
 48934 | WizLab   | Noticed an antique lich
 48953 | WizLab   | Killed an antique lich
 49015 | WizLab   | Learned a level 1 spell: Apportation
 49086 | Crypt:1  | Reached skill level 16 in Armour
 49914 | Crypt:1  | Reached XP level 23. HP: 175/189 MP: 31/31
 49966 | Crypt:1  | Reached skill level 17 in Armour
 50532 | Crypt:2  | Found a basalt altar of Yredelemnul.
 50594 | Crypt:2  | Identified a scroll of acquirement
 50670 | Crypt:2  | Reached skill level 18 in Armour
 51079 | Crypt:2  | Found a basalt altar of Yredelemnul.
 51254 | Crypt:3  | Entered Level 3 of the Crypt
 51320 | Crypt:3  | Noticed Mennas
 51366 | Crypt:3  | Found an ancient bone altar of Kikubaaqudgha.
 51792 | Crypt:3  | Identified the Disquisition on the Icy Traveller
 51798 | Crypt:3  | Learned a level 2 spell: Blink
 51877 | Crypt:3  | Reached skill level 19 in Armour
 52124 | Crypt:3  | Got a brightly glowing iron ring
 52127 | Crypt:3  | Identified the ring "Zofan" {rC+ rN+ Dex+3} (You found it on level 3 of the Crypt)
 52131 | Crypt:3  | Got a smoking ruby amulet
 52132 | Crypt:3  | Identified the amulet "Jaemor" {rElec rF+ Regen+} (You found it on level 3 of the Crypt)
 52140 | Crypt:3  | Got a fine wooden ring
 52141 | Crypt:3  | Identified the ring "Heppas" {rN+ MR- Int+3 Dex+8} (You found it on level 3 of the Crypt)
 52203 | Crypt:3  | Found a staircase to the Tomb.
 52575 | Crypt:3  | Reached XP level 24. HP: 184/195 MP: 31/31
 52796 | Crypt:3  | Noticed Margery
 52809 | Crypt:3  | Killed Margery
 52811 | Crypt:3  | Reached skill level 20 in Armour
 52985 | Crypt:3  | Noticed a greater mummy
 53056 | Crypt:3  | Killed a greater mummy
 53067 | Crypt:3  | Got a slimy lead ring
 53069 | Crypt:3  | Identified the ring of Insomnia {+Fly rElec MR+ Dex+4} (You found it on level 3 of the Crypt)
 53227 | Crypt:3  | Noticed a greater mummy
 53316 | Crypt:3  | Killed a greater mummy
 53505 | Crypt:3  | Learned a level 2 spell: Swiftness
 53510 | Crypt:3  | Learned a level 4 spell: Passage of Golubria
 53519 | Crypt:3  | Got a smoking chain mail
 53530 | Crypt:3  | Identified the +0 chain mail "Kedo" {SInv} (You found it on level 3 of the Crypt)
 53881 | Depths:1 | Entered Level 1 of the Depths
 54051 | Depths:1 | Reached skill level 19 in Fighting
 54331 | Depths:1 | Found Kopt's Gadget Shoppe.
 54331 | Depths:1 | Found Matwin's Jewellery Boutique.
 54332 | Depths:1 | Found Ywenyton's Jewellery Boutique.
 54358 | Depths:1 | Bought a +4 ring of slaying for 1326 gold pieces
 54371 | Depths:1 | Found a one-way gate leading to the halls of Pandemonium.
 54666 | Depths:1 | Reached skill level 20 in Fighting
 54912 | Depths:1 | Identified the Collected Works on Displacement
 55410 | Depths:2 | Reached XP level 25. HP: 195/209 MP: 31/31
 55487 | Depths:2 | Found a one-way gate to the infinite horrors of the Abyss.
 55725 | Depths:2 | Reached skill level 21 in Fighting
 56623 | Depths:3 | Reached skill level 22 in Fighting
 57522 | Depths:4 | Reached skill level 23 in Fighting
 57608 | Depths:4 | Noticed Mara
 57623 | Depths:4 | Noticed p0werm0de's illusion
 57623 | Depths:4 | Killed Mara
 57868 | Depths:4 | Reached XP level 26. HP: 109/227 MP: 31/31
 57878 | Depths:4 | Noticed a juggernaut
 58239 | Depths:4 | Reached skill level 24 in Fighting
 58348 | Depths:4 | Reached skill level 16 in Dodging
 58540 | Depths:4 | Noticed Boris
 58550 | Depths:4 | Killed Boris
 58973 | Depths:4 | Killed a juggernaut
 58979 | Depths:4 | Reached skill level 17 in Dodging
 59163 | Depths:5 | Entered Level 5 of the Depths
 59279 | Depths:5 | Found a gate to the Realm of Zot.
 59552 | Depths:5 | Found a corrupted altar of Lugonu.
 59752 | Depths:5 | Noticed an ancient lich
 59752 | Depths:5 | Found a gateway to a ziggurat.
 59766 | Depths:5 | Killed an ancient lich
 59766 | Depths:5 | Reached skill level 18 in Dodging
 60540 | Vaults:5 | Entered Level 5 of the Vaults
 60596 | Vaults:5 | Got a transparent scimitar
 60597 | Vaults:5 | Identified the +6 scimitar of Qoimalaff {slice, +Rage rF+++ rC- SInv} (You found it on level 5 of the Vaults)
 60701 | Vaults:5 | Reached XP level 27. HP: 192/234 MP: 29/31
 60798 | Vaults:5 | Reached skill level 19 in Dodging
 60823 | Vaults:5 | Paralysed by a floating eye for 2 turns
 61112 | Vaults:5 | Reached skill level 20 in Dodging
 61424 | Vaults:5 | Reached skill level 21 in Dodging
 61760 | Vaults:5 | Found Teiwni's Food Emporium.
 61760 | Vaults:5 | Found Sadeb's Food Shop.
 61784 | Vaults:5 | Found Sogeathre's Magic Scroll Emporium.
 61798 | Vaults:5 | Bought a scroll of blinking for 97 gold pieces
 61798 | Vaults:5 | Bought a scroll of teleportation for 39 gold pieces
 61798 | Vaults:5 | Bought a scroll of acquirement for 676 gold pieces
 61798 | Vaults:5 | Bought a scroll of summoning for 123 gold pieces
 61800 | Vaults:5 | Got a spiked hat
 61811 | Vaults:5 | Identified the +1 hat of Ufadun {rCorr Str+2 Slay-2} (You acquired it on level 5 of the Vaults)
 61848 | Vaults:5 | Got a silver rune of Zot
 62010 | Vaults:5 | Identified the Tome of Floating Evil
 62035 | Vaults:5 | Got a pair of shimmering gloves
 62046 | Vaults:5 | Identified the +4 pair of gloves of Ebiat {rF+ MR+ Int+4} (You found it on level 5 of the Vaults)
 62247 | Vaults:5 | Noticed Frederick
 62259 | Vaults:5 | Killed Frederick
 62695 | D:14     | Got a bound steel ring
 62696 | D:14     | Identified the ring "Kassel" {rPois MR+ Str+6} (You found it on level 14 of the Dungeon)
 63047 | Zot:1    | Entered Level 1 of the Realm of Zot
 63081 | Zot:1    | Reached skill level 22 in Dodging
 64284 | Zot:1    | Reached skill level 23 in Dodging
 65342 | Zot:2    | Got a ring of the Octopus King
 65366 | Zot:2    | Identified a ring of the Octopus King {MP+9 AC+1 EV+1 Str+1 Int+1 Dex+1} (You found it on level 2 of the Realm of Zot)
 65745 | Zot:2    | Got a faintly glowing steel ring
 65747 | Zot:2    | Identified the ring "Ifoef" {rPois MP+9 Str-4 Dex+4} (You took it off a yellow draconian on level 2 of the Realm of Zot)
 66129 | Zot:3    | Reached skill level 24 in Dodging
 66896 | Zot:4    | Reached skill level 7 in Evocations
 66988 | Zot:4    | Reached skill level 8 in Evocations
 67314 | Zot:4    | Reached skill level 9 in Evocations
 67686 | Zot:5    | Entered Level 5 of the Realm of Zot
 67767 | Zot:5    | Reached skill level 10 in Evocations
 67913 | Zot:5    | Reached skill level 11 in Evocations
 67976 | Zot:5    | Noticed an orb of fire
 67980 | Zot:5    | Noticed an ancient lich
 67990 | Zot:5    | Killed an orb of fire
 68001 | Zot:5    | Killed an ancient lich
 68014 | Zot:5    | Reached skill level 12 in Evocations
 68103 | Zot:5    | Noticed an orb of fire
 68117 | Zot:5    | Killed an orb of fire
 68158 | Zot:5    | Reached skill level 13 in Evocations
 68247 | Zot:5    | Noticed an orb of fire
 68267 | Zot:5    | Killed an orb of fire
 68283 | Zot:5    | Noticed an orb of fire
 68297 | Zot:5    | Killed an orb of fire
 68337 | Zot:5    | Reached skill level 14 in Evocations
 68394 | Zot:5    | Reached skill level 14 in Invocations
 68422 | Zot:5    | Noticed an ancient lich
 68452 | Zot:5    | Killed an ancient lich
 68462 | Zot:5    | Reached skill level 15 in Invocations
 68521 | Zot:5    | Noticed an ancient lich
 68539 | Zot:5    | Killed an ancient lich
 68547 | Zot:5    | Noticed an orb of fire
 68570 | Zot:5    | Killed an orb of fire
 68570 | Zot:5    | Reached skill level 16 in Invocations
 68674 | Zot:5    | Noticed an orb of fire
 68710 | Zot:5    | Noticed an ancient lich
 68734 | Zot:5    | Killed an orb of fire
 68734 | Zot:5    | Reached skill level 17 in Invocations
 68760 | Zot:5    | Killed an ancient lich
 68871 | Zot:5    | Got the Orb of Zot
 68888 | Zot:5    | Noticed Egau the pandemonium lord
 68927 | Zot:5    | Noticed an ancient lich
 68945 | Zot:4    | Killed an ancient lich
 69551 | D:2      | Reached skill level 18 in Invocations
 69630 | D:$      | Escaped with the Orb!

Vault maps used:
D:1:      dpeg_arrival_prison, kennysheep_crisscross
D:2:      grunt_temple_overflow_open, lemuel_doored_altar, uniq_iyjb
D:3:      uniq_jessica
D:4:      first_bread, dk_rats_in_the_wall
D:5:      lemuel_ratsnest, hangedman_decor_slide_cut, hex_large,
          uniq_blork_the_orc, uniq_crazy_yiuf_cottage
D:6:      kb_forest_paths, nemelex_lonely_heart_becter
D:7:      old_standard_altar, lemuel_round_altar, uniq_duvessa
D:8:      erik_lair_island
D:9:      kennysheep_kobold_camp, serial_shops, shop
D:11:     hangedman_stone_soup, uniq_urug, uniq_harold
D:12:     david_orc_5
D:14:     david_vaults_2, minivault_12, uniq_josephine, uniq_louise
D:15:     grunt_enter_depths_magical_seal, roderic_cross_of_infinity
Temple:   eino_temple_lava
Lair:1:   portal_ice_cave_entry_imps, fungi_pond_lemuel
Lair:2:   shoals_dummy_entry, spider_nest_entry_webs, enter_volcano_1,
          hangedman_lair_unloving_vines
Lair:3:   grunt_megastairs_1, infiniplex_staircase_pool_2, uniq_gastronok
Lair:4:   wad_woods_minihive, uniq_snorg, uniq_sonja
Lair:5:   basic_altar, beast_lair_carwin_9, lemuel_fruit_fields
Lair:6:   evil_forest, minmay_slime_entry_pillars, lab_entry_generic,
          lemuel_fruit_fields
Shoals:2: argonaut_gorgonesque
Shoals:4: shoals_end_grunt_ice, shoal_ilsuiw
Spider:1: spider_temple_joshua
Spider:2: spider_trap
Spider:3: einodemon_crawler_minivault, nicolae_spider_cling_ruins,
          nicolae_spider_cling_halls
Spider:4: floodkiller_spider_rune_tomb
Orc:1:    nicolae_orc_accident_1, serial_shops, shop
Orc:2:    st_orc_open, minmay_orc_keep
Vaults:1: nicolae_vaults_little_squares_2, vaults_room_door_hall,
          v_alt_pattern_2, vaults_dpeg_doors, nicolae_vaults_yaktaur_gun_rack,
          ontoclasm_vaults_misaligned, st_lattice, serial_shops, shop,
          uniq_jorgrun
Vaults:2: v_misc_29, nicolae_vaults_diagonal_hallway_9, v_rooms_4,
          hangedman_vaults_impose, v_rooms_5, vaults_room_grunt_arrival_ludios,
          nicolae_vaults_circle_grid_a, v_alt_pattern_4, v_rooms_2,
          dummy_crypt_entry, serial_shops, statue_bzr
Vaults:3: ontoclasm_vaults_decontamination, vaults_standard_mumra_x, v_rooms_3,
          v_misc_27, nicolae_vaults_big_ls, nicolae_vaults_triangles,
          v_pattern_4, vaults_dpeg_diagonal, nicolae_vaults_little_squares_4,
          ontoclasm_vaults_gateway, uniq_bai_suzhen
Vaults:4: nicolae_vaults_sealed_display, vaults_mumra_chevron_long,
          grunt_vaults_funnel, nicolae_vaults_border_crossing,
          vaults_room_door_ring, ontoclasm_vaults_ring_large,
          ontoclasm_vaults_spin, v_alt_pattern_2, v_misc_25,
          grunt_vaults_diagonal, nicolae_vaults_rhombus_6, vaults_dpeg_hooks,
          vaults_mumra_lcd, vaults_room_door_hall
Vaults:5: uniq_frederick
Crypt:1:  mu_enter_wizlab_6
Crypt:2:  basic_altar, serial_sigils_hangedman_scar, hangedman_blasphemy
Crypt:3:  church_of_pain_bobbens, minmay_misc_feat_ornament, st_burial_chamber,
          uniq_margery, uniq_mennas
Depths:1: rand_demon_pan_entry_8, serial_bayou_pond_b, grunt_hell_entry_dis_mu,
          serial_bayou_pond_b, st_stairs_13, hangedman_research_quantum,
          minmay_shop_grove
Depths:2: minmay_shrinking_squares, nicolae_abyss_entry_one_way_or_another,
          grunt_pan_entry_zigzag, minmay_hedge_maze, hell_entry,
          minmay_swirly_circle
Depths:3: kennysheep_room_grid, grunt_hell_horde, minmay_misc_feat_columns,
          pan_entry, abyss_entry_crystal, minmay_staircase_statues,
          grunt_megastairs_3
Depths:4: hangedman_cross_veins, hellmouth_1, minmay_misc_feat_doors,
          marbit_kobold_abyss_entry, serial_bayou_pond_e,
          serial_sigils_hangedman_carve, infiniplex_staircase_door_maze,
          firewood_loft, uniq_mara, uniq_boris
Depths:5: grunt_zot_entry_tricorne, enter_ziggurat_c, abyss_entry_flame_altar,
          pf_coc_iceberg, serial_sigils, serial_sigils_hangedman_gnaw,
          serial_sigils_hangedman_snap, serial_sigils_hangedman_snap,
          serial_sigils_hangedman_quiver, basic_stair_grate_trap
Zot:1:    st_stairs_11, hangedman_zot_spectrum
Zot:2:    bh_zot_levy_curve, grunt_ministairs_13, grunt_megastairs_2
Zot:5:    grunt_ministairs_3
Abyss:3:  nicolae_abyss_rune_left_handed, hangedman_relentless_pull
Lab:      labyrinth_spiral, nicolae_lab_swirl, nicolae_lab_statue,
          nicolae_lab_quarters, nicolae_lab_starburst, nicolae_lab_grate_2,
          labyrinth_glass_1, nicolae_lab_checkerboard, lab_statue,
          nicolae_lab_diamond, nicolae_lab_plus, nicolae_lab_lava,
          labyrinth_skeletal_remains, nicolae_lab_dead_end, nicolae_lab_x
IceCv:    ice_cave_small_demon
Volcano:  volcano_overflow
WizLab:   wizlab_zonguldrok

Skill      XL: |  1  2  3  4  5  6  7  8  9 10 11 12 13 14 15 16 17 18 19 20 21 22 23 24 25 26 27 |
---------------+----------------------------------------------------------------------------------+-----
Long Blades    | 3 4 5 7 8 10 12 14 | 14.5
Fighting       | 11 12 15 18 20 23 24 | 24.0
Armour         | 7 12 13 16 19 20 | 20.6
Shields        | 4 10 11 15 | 15.0
Dodging        | 7 14 15 18 24 | 24.7
Invocations    | 6 13 18 | 18.1
Evocations     | 4 6 14 | 14.0
Throwing       | 4 |  4.3
Stealth        | |  2.1

Action                   |  1- 3 |  4- 6 |  7- 9 | 10-12 | 13-15 | 16-18 | 19-21 | 22-24 | 25-27 || total
-------------------------+-------+-------+-------+-------+-------+-------+-------+-------+-------++-------
Melee: Falchion          |   194 |    26 |       |       |       |       |       |       |       ||   220
       Long sword        |       |    91 |   250 |       |       |       |       |       |       ||   341
       Great sword       |       |       |   226 |   914 |       |       |       |       |       ||  1140
       Dagger            |       |       |       |    10 |       |       |       |       |       ||    10
       Demon blade       |       |       |       |       |  1643 |  1993 |  1350 |  2269 |  3243 || 10498
Throw: Tomahawk          |       |       |       |    11 |       |       |       |       |       ||    11
 Cast: Swiftness         |       |       |       |       |       |       |       |       |     1 ||     1
Invok: Ancestor Life: Kn |     1 |       |       |       |       |       |       |       |       ||     1
       Recall Ancestor   |       |     1 |       |     6 |     2 |     3 |     3 |     2 |    11 ||    28
       Idealise          |       |       |       |     6 |     2 |     3 |    13 |    15 |    22 ||    61
       Transference      |       |       |       |     2 |       |     2 |    10 |       |     1 ||    15
 Abil: Stop Flying       |       |       |       |       |       |       |     1 |       |       ||     1
       Evoke Flight      |       |       |       |       |       |       |     1 |       |       ||     1
Evoke: Wand              |       |       |     3 |     1 |     3 |     9 |       |    10 |    26 ||    52
       Lamp of fire      |       |       |       |     1 |     1 |       |     1 |       |     1 ||     4
       Phial of floods   |       |       |       |       |       |       |       |     2 |     1 ||     3
       Sack of spiders   |       |       |       |       |       |       |       |     1 |       ||     1
       Box of beasts     |       |       |       |       |       |       |       |       |     2 ||     2
  Use: Scroll            |       |     5 |     8 |     8 |    23 |    20 |     2 |    19 |    24 ||   109
       Potion            |       |       |     1 |     1 |     2 |    13 |     1 |     2 |    15 ||    35
 Stab: Sleeping          |     1 |     4 |     6 |       |       |       |       |       |       ||    11
       Distracted        |       |       |     2 |     2 |    12 |     8 |     5 |    23 |    49 ||   101
       Paralysed         |       |       |     1 |       |       |       |       |       |       ||     1
       Invisible         |       |       |     4 |       |       |       |       |       |       ||     4
       Confused          |       |       |       |       |     1 |     4 |       |       |       ||     5
  Eat: Chunk             |     8 |    11 |    27 |    61 |   150 |   126 |    65 |    70 |   191 ||   709
       Beef jerky        |       |       |       |     1 |     3 |       |       |     1 |     1 ||     6
       Meat ration       |       |       |       |       |       |     1 |       |     2 |       ||     3
       Pizza             |       |       |       |       |       |     1 |       |       |       ||     1
       Royal jelly       |       |       |       |       |       |       |       |     3 |     1 ||     4
Armor: Robe              |     5 |       |       |       |       |       |       |       |       ||     5
       Ring mail         |    55 |    29 |   109 |   147 |       |       |       |       |       ||   340
       Chain mail        |       |       |    37 |   239 |     6 |       |       |       |       ||   282
       Plate armour      |       |       |       |       |   780 |  1019 |   431 |   539 |   970 ||  3739
       Ice dragon armour |       |       |       |       |    23 |       |       |       |       ||    23
Dodge: Dodged            |    99 |    50 |   191 |   342 |   478 |   903 |   451 |   634 |  1375 ||  4523
Block: Other             |       |       |    18 |     8 |       |       |       |       |       ||    26
       Buckler           |       |       |       |       |   163 |   517 |   109 |       |       ||   789
       Reflection        |       |       |       |       |       |    11 |    73 |    43 |    65 ||   192
       Shield            |       |       |       |       |       |       |   677 |  1270 |  1550 ||  3497
